 Dungeon Crawl Stone Soup version 0.31.0-9-g3a7656b989 (webtiles) character file.

Game seed: 9436333939418867807

96 qw the Shooter (level 4, 0/22 HPs)
             Began as a Spriggan Hunter on Feb 2, 2024.
             Slain by Grinder (6 damage)
             ... on level 3 of the Dungeon.
             The game lasted 00:00:07 (2248 turns).

qw the Shooter (Spriggan Hunter)                    Turns: 2248, Time: 00:00:08

Health: 0/22       AC:  2    Str:  7    XL:     4   Next: 41%
Magic:  5/5        EV: 20    Int: 10    God:
Gold:   213        SH:  0    Dex: 20    Spells: 3/3 levels left

rFire   . . .        a - +0 shortbow
rCold   . . .        (shield currently unavailable)
rNeg    . . .        c - +0 robe
rPois   .            (helmet restricted)
rElec   .            (no cloak)
rCorr   .            (gloves unavailable)
SInv    +            (boots unavailable)
Will    +....        (no amulet)
Stlth   ++           g - ring of willpower
HPRegen 0.23/turn    (no ring)
MPRegen 0.09/turn

%: no passive effects
@: very quick
A: very small, no large weapons, unfitting armour, see invisible, speed 3
a: no special abilities


You were on level 3 of the Dungeon.
You visited 1 branch of the dungeon, and saw 3 of its levels.

You collected 213 gold pieces.


Innate Abilities, Weirdness & Mutations

You are very small and have problems with some larger weapons.
You are too small for most types of armour.
You have supernaturally acute eyesight. (SInv)
You cover ground extremely quickly. (Speed+++)


   Skills:
 - Level 1.5 Fighting
 - Level 5.0 Ranged Weapons
 + Level 4.9 Dodging
 - Level 1.5 Stealth


You had 3 spell levels left.
You didn't know any spells.
Your spell library was empty.

Inventory:

Hand Weapons
 a - a +0 shortbow (weapon)
Armour
 c - a +0 robe (worn)
Jewellery
 g - a ring of willpower (left hand)
Wands
 e - a wand of digging (1)
Scrolls
 f - 2 scrolls of immolation {unknown}
Potions
 b - a potion of mutation {unknown}
 d - 3 potions of attraction {unknown}
 h - a potion of lignification {unknown}

Dungeon Overview and Level Annotations

Branches:
Dungeon (3/15)

Altars:
Dithmenos
Trog

Shops:
D:1 :   D:2 =

Annotations:
D:3 Grinder


Message History

You kill the rat!
You see here a rat corpse.
Found an escape hatch in the ceiling.
d - 3 glowing puce potions (gained 2)
You hear the brisk rusting of a very distant drain.
Grinder is nearby!
You shoot an arrow. The arrow barely misses Grinder.
You hear the quick rusting of a drain very nearby.
You shoot an arrow. The arrow hits Grinder.
Grinder is lightly wounded.
You shoot an arrow. The arrow barely misses Grinder.
Grinder gestures at you. You resist with almost no effort.
You shoot an arrow. The arrow completely misses Grinder.
Grinder gestures at you.
You easily resist.
You shoot an arrow. The arrow hits Grinder.
Grinder is lightly wounded.
Grinder blinks!
You shoot an arrow. The arrow closely misses Grinder.
You shoot an arrow. The arrow closely misses Grinder.
You shoot an arrow. The arrow hits Grinder.
Grinder is lightly wounded.
Grinder hits you!
You writhe in agony.
You shoot an arrow. The arrow hits Grinder!
Grinder is moderately wounded.
Grinder completely misses you.
You shoot an arrow.
The arrow hits Grinder but does no damage.
Grinder is moderately wounded.
Grinder says, "I used to sell toenails on the black market."
Grinder closely misses you. Grinder hits you but does no damage.
You shoot an arrow. The arrow completely misses Grinder.
Grinder gestures at you.
You easily resist.
You shoot an arrow. The arrow hits Grinder.
Grinder is heavily wounded.
Grinder hits you.
You writhe in agony.
You die...
Grinder sighs, "Dead already?
I want a refund."

########.....# ##.##.......###
##..##......## ##...##......#
###.....#......# #
#.......#......# ###
#.......#####'## ..#
#.......#####.# #.###
#......5@...#'## #...##
#.......###....#
##...####.......###....##
.......##.......##......#####
.##.............##..........#
###......#+#....##..........#####
##.........##+#.##..........'....
.......#.#....#.##..........#####
..##...#.#.#....##...<#...### #


You could see Grinder.

Vanquished Creatures
  4 adders (D:3)
  2 ribbon worms
  3 bats
  5 endoplasms
  4 giant cockroaches
  6 goblins
  4 hobgoblins
  3 jackals (D:2)
  7 kobolds
  5 quokkas
  4 ball pythons
  2 frilled lizards
  3 rats
52 creatures vanquished.

Notes
Turn   | Place    | Note
-------+----------+-------------------------------------------
     0 | D:1      | qw the Spriggan Hunter began the quest for the Orb.
     0 | D:1      | Reached XP level 1. HP: 10/10 MP: 2/2
     0 | D:1      | 0 ||| qw: Version: 0.3-a-155-g5e7d8dd
     0 | D:1      | 0 ||| qw: Game counter: 1580
     0 | D:1      | 0 ||| qw: Melee chars always use a shield: true
     0 | D:1      | 0 ||| qw: God list: Okawaru
     0 | D:1      | 0 ||| qw: Allow faded altars: false
     0 | D:1      | 0 ||| qw: Do Orc after clearing Dungeon:15 true
     0 | D:1      | 0 ||| qw: Do second Lair branch before Depths: true
     0 | D:1      | 0 ||| qw: Lair rune preference: random
     0 | D:1      | 0 ||| qw: Goals: Normal
     0 | D:1      | 0 ||| PLANNING D:1-11
    27 | D:1      | Found Saclainn's Book Emporium.
    49 | D:1      | Reached skill level 3 in Dodging
   214 | D:1      | Reached XP level 2. HP: 12/14 MP: 3/3
   293 | D:1      | Found a faded altar of an unknown god.
   622 | D:1      | 622 ||| UPGRADING to ring of willpower.
   623 | D:1      | 623 ||| READING scroll labelled QONAMU EC AHEFOL.
   624 | D:1      | 624 ||| READING scroll labelled FIMIDILOIJ.
   624 | D:1      | 624 ||| ENCHANTING +0 shortbow.
   625 | D:1      | 625 ||| READING 2 scrolls labelled FETANI HUJEOHE.
   629 | D:1      | 629 ||| READING scroll labelled BOETU BAUJECW.
   630 | D:1      | 630 ||| DROPPING scroll of butterflies.
   796 | D:2      | Reached XP level 3. HP: 18/18 MP: 4/4
  1161 | D:2      | Found Jeymnit's Jewellery Shoppe.
  1171 | D:2      | 1171 ||| SHOPLISTING +4 ring of slaying (1014 gold, have
                  | 142).
  1171 | D:2      | 1171 ||| SHOPLISTING +5 ring of evasion (468 gold, have
                  | 142).
  1171 | D:2      | 1171 ||| SHOPLISTING amulet of guardian spirit (390 gold,
                  | have 142).
  1171 | D:2      | 1171 ||| SHOPLISTING amulet of reflection (390 gold, have
                  | 142).
  1171 | D:2      | 1171 ||| SHOPLISTING ring of fire (325 gold, have 142).
  1171 | D:2      | 1171 ||| SHOPLISTING ring of ice (325 gold, have 142).
  1171 | D:2      | 1171 ||| SHOPLISTING ring of poison resistance (260 gold,
                  | have 142).
  1171 | D:2      | 1171 ||| SHOPLISTING ring of willpower (325 gold, have
                  | 142).
  1611 | D:3      | 1611 ||| PLANNING SEWER
  1632 | D:3      | 1632 ||| FLEEEEING.
  1633 | D:3      | 1633 ||| FLEEEEING.
  1634 | D:3      | 1634 ||| FLEEEEING.
  1635 | D:3      | 1635 ||| FLEEEEING.
  1636 | D:3      | 1636 ||| FLEEEEING.
  1637 | D:3      | 1637 ||| FLEEEEING.
  1638 | D:3      | 1638 ||| FLEEEEING.
  1639 | D:3      | 1639 ||| FLEEEEING.
  1640 | D:3      | 1640 ||| FLEEEEING.
  1641 | D:3      | 1641 ||| FLEEEEING.
  1642 | D:3      | 1642 ||| STAIRDANCE
  1661 | D:3      | Reached skill level 5 in Ranged Weapons
  1684 | D:3      | Found a shadowy altar of Dithmenos.
  1760 | D:3      | Reached XP level 4. HP: 22/22 MP: 5/5
  1913 | D:3      | Found a bloodstained altar of Trog.
  1985 | D:3      | Noticed Grinder
  1991 | D:3      | HP: 5/22 [Grinder (9)]
  1992 | D:3      | 1992 ||| READING scroll of teleportation.
  2248 | D:3      | Slain by Grinder

Levels and vault maps discovered:
D:1:      evilmike_arrival_crescent, layout_basic, serial_shops,
          nicolae_book_shop_shelving, shapermc_ecumenical_altar_venn,
          chequers_serial_rivers_micro_d
D:2:      layout_loops_corners, serial_shops, nicolae_square_shop,
          amcnicky_mini_rare_corridor_liquid, serial_bayou_pond_c
D:3:      layout_basic, nicolae_dithmenos_shadow_blocks,
          mainiacjoe_overflow_cross_hatched, minmay_overflow_temple_star_hex,
          gup_sewer_entry_spiral, uniq_grinder, uniq_robin

Skill      XL: |  1  2  3 |
---------------+----------+-----
Dodging        | 3 4 |  4.9
Ranged Weapons | 5 |  5.0
Fighting       | |  1.5
Stealth        | |  1.5

Action                     |  1- 3 |  4- 6 || total
---------------------------+-------+-------++-------
   Fire: Shortbow          |   127 |    37 ||   164
    Use: Scroll            |     4 |     1 ||     5
 Armour: Robe              |    10 |     5 ||    15
  Dodge: Dodged            |    41 |     5 ||    46

Table legend:
 A = Non-vault XP
 B = Vault XP
 C = Vault XP percentage of total XP
 D = Non-vault monster count
 E = Vault monster count
 F = Vault count percentage of total count
                 A         B        C        D         E       F
            +---------+---------+-------+---------+---------+-------
      Total |     138 |       0 |   0.0 |      52 |       0 |   0.0
            +---------+---------+-------+---------+---------+-------
        D:1 |      22 |       0 |   0.0 |      14 |       0 |   0.0
        D:2 |      45 |       0 |   0.0 |      25 |       0 |   0.0
        D:3 |      71 |       0 |   0.0 |      13 |       0 |   0.0
            +---------+---------+-------+---------+---------+-------
